 Dungeon Crawl Stone Soup version 0.21-a0-634-gaf8bc5d (webtiles) character file.

37 Megalobster the Poker (level 3, -3/28 HPs)
             Began as a Merfolk Skald on Dec 29, 2017.
             Slain by Sigmund
             ... wielding a +0 scythe
              (6 damage)
             ... on level 2 of the Dungeon.
             The game lasted 00:02:28 (605 turns).

Megalobster the Poker (Merfolk Skald)                Turns: 605, Time: 00:02:29

Health: -3/28      AC:  4    Str: 17    XL:     3   Next: 41%
Magic:  6/6        EV: 13    Int: 17    God:
Gold:   49         SH:  6    Dex: 13    Spells: 1/6 levels left

rFire    . . .     SeeInvis .   e - +2 spear (venom)
rCold    . . .     Gourm    .   (no shield)
rNeg     . . .     Faith    .   b - +0 leather armour
rPois    .         Spirit   .   (no helmet)
rElec    .         Reflect  +   (no cloak)
rCorr    +         Harm     .   l - +0 pair of gloves
MR       .....                  (no boots)
Stlth    +.........             k - +6 amulet of reflection
HPRegen  0.09/turn              o - ring of resist corrosion
MPRegen  0.10/turn              (no ring)

@: mighty, brilliant, very slightly contaminated
A: change form in water, swift swim, stealthy swim
a: no special abilities


You were on level 2 of the Dungeon.
You were not hungry.

You visited 1 branch of the dungeon, and saw 2 of its levels.

You collected 49 gold pieces.

Inventory:

Hand Weapons
 a - a +0 spear
 e - a +2 spear of venom (weapon)
Armour
 b - a +0 leather armour (worn)
 l - a +0 pair of gloves (worn)
Jewellery
 k - a +6 amulet of reflection (around neck)
 o - a ring of resist corrosion (left hand)
Scrolls
 g - a scroll of teleportation {unknown}
 h - a scroll of magic mapping {unknown}
 j - 2 scrolls of remove curse {unknown}
 n - a scroll of amnesia {unknown}
 q - a scroll of random uselessness {unknown}
Potions
 p - a potion of heal wounds {unknown}
Books
 c - a book of Battle

   Spells                             Type                      Level
   a - Infusion                       Charms                       1
   b - Shroud of Golubria             Charms/Translocation         2
   c - Song of Slaying                Charms                       2
   d - Spectral Weapon                Hexes/Charms                 3
   e - Regeneration                   Charms/Necromancy            3
Comestibles
 d - 2 rations
 f - 8 chunks of flesh


   Skills:
 + Level 2.4 Fighting
 * Level 3.9 Polearms
 - Level 0.6 Armour
 + Level 3.2 Dodging
 + Level 2.2 Spellcasting
 * Level 3.8 Charms


You had one spell level left.
You knew the following spells:

 Your Spells              Type           Power        Failure   Level  Hunger
a - Infusion              Chrm           ####         1%          1    #......
b - Song of Slaying       Chrm           ####....     1%          2    ###....
c - Shroud of Golubria    Chrm/Tloc      ###.......   1%          2    ###....


Dungeon Overview and Level Annotations

Branches:
Dungeon (2/15)

Altars:
Okawaru

Annotations:
D:2 Sigmund


Message History

You block the adder's attack. The kobold hits you.
Sigmund hits you but does no damage.
The kobold throws a stone.
The stone hits you but does no damage.
A goblin comes into view. It is wielding a club.
It was a potion of brilliance.
You feel clever all of a sudden.
The goblin shouts!
You kill the adder!
The kobold completely misses you.
The goblin moves out of view.
The kobold throws a stone.
The stone closely misses you.
Sigmund screams, "You will never...
NEVER!!!"
Sigmund hits you with a scythe!
* * * LOW HITPOINT WARNING * * *
You hit Sigmund.
Sigmund is poisoned.
Sigmund is lightly wounded.
The kobold barely misses you.
It was a potion of might.
You feel very mighty all of a sudden. Sigmund hits you with a scythe.
You die...

#.......# .
####...#####
.+........# .
..........#
...##...##..#
...#.....#..#
..g..._..(..#
.#...†.#..#
##..@##.##
#..K.@K...#
#.#.....###
##...####
##.# #. #


You could see Sigmund, a goblin and 2 kobolds.

Vanquished Creatures
  An adder (D:2)
  2 dart slugs
  A leopard gecko (D:1)
  3 orcs (D:2)
  2 giant cockroaches (D:1)
  2 goblins (D:1)
  3 hobgoblins (D:1)
  A frilled lizard (D:1)
  2 kobolds (D:1)
  4 rats
21 creatures vanquished.

Notes
Turn   | Place    | Note
-------+----------+-------------------------------------------
     0 | D:1      | Megalobster the Merfolk Skald began the quest for the Orb.
     0 | D:1      | Reached XP level 1. HP: 16/16 MP: 3/3
    83 | D:1      | Reached XP level 2. HP: 22/22 MP: 5/5
    87 | D:1      | Learned a level 2 spell: Song of Slaying
    90 | D:1      | Learned a level 2 spell: Shroud of Golubria
   519 | D:2      | Reached XP level 3. HP: 28/28 MP: 6/6
   587 | D:2      | Found an iron altar of Okawaru.
   593 | D:2      | Noticed Sigmund
   605 | D:2      | Slain by Sigmund

Vault maps used:
D:1:      tarquinn_simple_flora_water_e
D:2:      marbit_many_paths, okawaru_gym_becter, uniq_sigmund, uniq_jessica

Skill      XL: |  1  2 |
---------------+-------+-----
Dodging        | 3 |  3.2
Fighting       | |  2.4
Polearms       | |  3.9
Armour         | |  0.6
Spellcasting   | |  2.2
Charms         | |  3.8

Action                   || total
-------------------------++-------
Melee: Spear             ||    51
 Cast: Infusion          ||     1
  Use: Potion            ||     2
Armor: Leather armour    ||     5
Dodge: Dodged            ||    17
Block: Other             ||     6

Table legend:
 A = Spawn XP
 B = Non-spawn XP
 C = Spawn XP percentage of total XP
 D = Spawn monster count
 E = Non-spawn monster count
 F = Spawn count percentage of total count
 G = Total turns spent on level
                    A         B        C        D         E        F      G
               +---------+---------+-------+---------+---------+-------+---------
         Total |       0 |      54 |   0.0 |       0 |      21 |   0.0 |   605
               +---------+---------+-------+---------+---------+-------+---------
           D:1 |       0 |      27 |   0.0 |       0 |      15 |   0.0 |   515
           D:2 |       0 |      27 |   0.0 |       0 |       6 |   0.0 |    90
               +---------+---------+-------+---------+---------+-------+---------
